 Dungeon Crawl Stone Soup version 0.21-a0-113-g6841d05 (webtiles) character file.

27 sscrono2 the Sneak (level 3, 24/24 HPs)
             Began as an Octopode Assassin on July 13, 2017.
             Was a Follower of Vehumet.
             Quit the game on level 2 of the Dungeon.
             The game lasted 00:00:57 (730 turns).

sscrono2 the Sneak (Octopode Assassin)               Turns: 730, Time: 00:00:58

Health: 24/24      AC:  1    Str: 11    XL:     3   Next: 10%
Magic:  3/3        EV: 13    Int: 13    God:    Vehumet [*.....]
Gold:   90         SH:  0    Dex: 13    Spells: 2/2 levels left

rFire    . . .     SeeInvis .   a - +2 dagger
rCold    . . .     Gourm    .   (no shield)
rNeg     . . .     Faith    .   (helmet restricted)
rPois    .         Spirit   .   (no amulet)
rElec    .         Reflect  .   (no ring)
rCorr    .         Harm     .   (no ring)
MR       .....                  (no ring)
Stlth    ++++......             (no ring)
HPRegen  0.08/turn              (no ring)
MPRegen  0.08/turn              (no ring)
                                (no ring)
                                (no ring)

@: no status effects
A: almost no armour, stealthy swim, amphibious, 8 rings, constrict 8, camouflage
1, gelatinous body 1
a: Renounce Religion


You were on level 2 of the Dungeon.
You worshipped Vehumet.
Vehumet was aware of your devotion.
You were not hungry.

You visited 1 branch of the dungeon, and saw 2 of its levels.

You collected 90 gold pieces.

Inventory:

Hand Weapons
 a - a +2 dagger (weapon)
 b - a +0 blowgun
Missiles
 c - 8 poisoned needles
 d - 2 curare-tipped needles
 p - 5 needles of confusion
Scrolls
 e - a scroll of magic mapping {unknown}
 g - a scroll of enchant weapon {unknown}
 i - a scroll of fog {unknown}
 j - a scroll of immolation {unknown}
 k - a scroll of blinking {unknown}
 r - a scroll of amnesia {unknown}
Potions
 l - a potion of heal wounds {unknown}
 m - a potion of brilliance {unknown}
 n - a potion of berserk rage {unknown}
 q - a potion of curing {unknown}
Comestibles
 f - 3 bread rations
 h - 3 fruits
 o - 2 chunks of flesh


   Skills:
 - Level 2.0 Fighting
 + Level 3.4 Short Blades
 - Level 2.0 Throwing
 - Level 1.0 Dodging
 - Level 5.3 Stealth


You had 2 spell levels left.
You didn't know any spells.

Dungeon Overview and Level Annotations

Branches:
Dungeon (2/15)

Altars:
Vehumet


Innate Abilities, Weirdness & Mutations

You cannot wear most types of armour.
You are very stealthy in the water. (Stealth+)
You are amphibious.
You can wear up to eight rings at the same time.
You can use your tentacles to constrict eight enemies at once.
Your skin changes colour to match your surroundings (Stealth+).
Your rubbery body absorbs attacks. (AC +1, EV +1)


Message History

q - a ruby potion
Found 9 gold pieces.
Found a scroll labeled VORYFF JUMN.
The helpless frilled lizard fails to defend itself.
You impale the frilled lizard!!
You kill the frilled lizard!
You now have 90 gold pieces (gained 9).
You see here a frilled lizard corpse.
You butcher the frilled lizard corpse.
o - 2 chunks of flesh (gained 1)
You see here a frilled lizard skeleton.
r - a scroll labeled VORYFF JUMN
There is a faded altar of an unknown god here.
You cannot tell which god this altar belongs to.
Convert to them anyway?
Vehumet accepts your prayer! Vehumet welcomes you!
You can now gain magical power from killing.
Vehumet offers you knowledge of Flame Tongue.
Okay, then.
Are you sure you want to abandon this character and quit the game? (Confirm with "yes".)

######## #... ..#
#######.####.#
#####..........#.#
#......#.......#.# #.
##.#@#...##.#.# #.
#...#.........# #.
#......####.#######
#)##.##...รท...........
#.......##############
####.#### .> #.#
####### #.#
#.#######.....# #.#
#.............# #.#


There were no monsters in sight!

Vanquished Creatures
  3 leopard geckos
  A giant cockroach (D:1)
  4 goblins
  3 jackals (D:2)
  3 kobolds
  4 bats
  2 frilled lizards (D:2)
  3 rats
23 creatures vanquished.

Notes
Turn   | Place    | Note
-------+----------+-------------------------------------------
     0 | D:1      | sscrono2 the Octopode Assassin began the quest for the Orb.
     0 | D:1      | Reached XP level 1. HP: 14/14 MP: 1/1
    92 | D:1      | Reached XP level 2. HP: 14/19 MP: 2/2
   638 | D:2      | Reached XP level 3. HP: 24/24 MP: 3/3
   689 | D:2      | Found a faded altar of an unknown god.
   729 | D:2      | Became a worshipper of Vehumet
   729 | D:2      | Reached * piety under Vehumet
   729 | D:2      | Offered knowledge of Flame Tongue by Vehumet.
   730 | D:2      | Quit the game

Vault maps used:
D:1:      dpeg_arrival_erosion, minmay_misc_feat_encased
D:2:      chequers_ecumenical_altar_simple, hangedman_decor_diamond_cutter,
          nrook_mini_vaults, hangedman_abyss_or_decor_lesser_grid

Skill      XL: |  1  2 |
---------------+-------+-----
Short Blades   | 3 |  3.4
Fighting       | |  2.0
Throwing       | |  2.0
Dodging        | |  1.0
Stealth        | |  5.3

Action                   || total
-------------------------++-------
Melee: Dagger            ||    32
       Constrict         ||     5
 Stab: Sleeping          ||    17
Armor: Skin              ||     6
Dodge: Dodged            ||     9
